 Dungeon Crawl Stone Soup version 0.30.1-9-gdf580d7c3d (webtiles) character file.

Game seed: 5748162295595561784

225 Zonian the Chiller (level 5, -1/28 HPs)
             Began as a Deep Elf Ice Elementalist on Oct 8, 2023.
             Slain by a sleepcap (4 damage)
             ... on level 4 of the Dungeon.
             The game lasted 00:06:14 (4038 turns).

Zonian the Chiller (Deep Elf Ice Elementalist)      Turns: 4038, Time: 00:06:15

Health: -1/28      AC:  6    Str:  8    XL:     5   Next: 68%
Magic:  12/12      EV: 13    Int: 24    God:
Gold:   131        SH:  0    Dex: 18    Spells: 4/11 levels left

rFire   . . .        z - +9 spear "Murmur" {freeze, Str+3 Int+2 Dex+3}
rCold   . . .        m - orb {*channel}
rNeg    . . .        a - +0 robe
rPois   .            v - +0 helmet
rElec   .            l - +0 cloak
rCorr   .            i - +0 pair of gloves
SInv    .            f - +0 pair of boots
Will    .....        (no amulet)
Stlth   ++           (no ring)
HPRegen 0.24/turn    (no ring)
MPRegen 0.13/turn

%: channel magic (20%)
@: no status effects
A: no striking features
a: no special abilities


You were on level 4 of the Dungeon.
You visited 1 branch of the dungeon, and saw 4 of its levels.

You collected 131 gold pieces.

Inventory:

Hand Weapons
 c - a +0 dagger
 o - a +1 dagger of speed
 q - a +0 sling
 z - the +9 spear "Murmur" (weapon) {freeze, Str+3 Int+2 Dex+3}
   (You found it on level 3 of the Dungeon)

   Str:       It affects your strength (+3).
   Int:       It affects your intelligence (+2).
   Dex:       It affects your dexterity (+3).
Missiles
 e - 6 javelins
 g - 19 poisoned darts
 n - 5 curare-tipped darts
 x - a throwing net
Armour
 a - a +0 robe (worn)
 f - a +0 pair of boots (worn)
 i - a +0 pair of gloves (worn)
 l - a +0 cloak (worn)
 m - an orb of energy (worn)
 v - a +0 helmet (worn)
Jewellery
 s - a ring "Fymn" {rC+ rN++ rCorr}
   (You found it on level 2 of the Dungeon)

   [ring of protection from cold]

   rC:        It protects you from cold.
   rN:        It greatly protects you from negative energy.
   rCorr:     It protects you from acid and corrosion.
Wands
 u - a wand of acid (2)
Scrolls
 d - a scroll of fog {unknown}
 k - 2 scrolls of teleportation
 p - a scroll of acquirement {unknown}
 r - 2 scrolls of blinking
Potions
 b - a potion of magic
 h - a potion of heal wounds
 j - 2 potions of attraction
 w - a potion of curing


   Skills:
 - Level 3.0 Dodging
 - Level 3.1 Stealth
 - Level 3.5 Spellcasting
 + Level 7.1 Ice Magic


You had 4 spell levels left.
You knew the following spells:

 Your Spells              Type           Power      Damage    Failure   Level
a - Freeze                Ice            100%       1d10      3%          1
b - Frozen Ramparts       Ice            76%        1d12      7%          3
c - Ozocubu's Armour      Ice            38%        N/A       7%          3

Your spell library contained the following spells:

 Spells                   Type           Power      Damage    Failure   Level
 Ensorcelled Hibernation  Hex/Ice        42%        N/A       12%         2
 Passwall                 Tmut/Erth      3%         N/A       34%         2
 Summon Ice Beast         Ice/Summ       21%        N/A       45%         4
 Spider Form              Tmut/Pois      4%         N/A       52%         3
 Swiftness                Air            4%         N/A       52%         3
 Tukima's Dance           Hex            4%         N/A       52%         3
 Anguish                  Hex/Necr       2%         N/A       87%         4
 Passage of Golubria      Tloc           4%         N/A       87%         4
 Yara's Violent Unravell  Hex/Tmut       2%         3d3       99%         5


Dungeon Overview and Level Annotations

Branches:
Dungeon (4/15)
 Temple: D:4-7

Altars:

Annotations:
D:2 1 runed translucent door, Crazy Yiuf


Message History

The ball python is severely wounded.
The ball python closely misses you. x2
You puncture the ball python!
The ball python seems to slow down.
You freeze the ball python.
You kill the ball python!
Unknown command.
Found a whip.
Found 5 curare-tipped darts.
Your orc says, "Be careful!"
You see here 5 curare-tipped darts.
n - 5 curare-tipped darts Unknown command.
Your orc priest dissolves into shadows!
A sleepcap and an endoplasm come into view.
The endoplasm moves out of view.
A sleepcap is nearby!
Unknown command.
A dart slug comes into view.
Found a sling.
Your orc wizard casts a spell.
Your orc wizard flickers and vanishes for a moment.
You puncture the sleepcap! You freeze the sleepcap.
The sleepcap is moderately damaged.
The sleepcap releases spores at you!
You hit the sleepcap. You freeze the sleepcap.
The sleepcap is heavily damaged.
Your hobgoblin dissolves into shadows!
The sleepcap releases spores at you.
You are engulfed in a cloud of soporific spores!
You fall asleep.
Your orc wizard dissolves into shadows!
The sleepcap releases spores at you!
You wake up.
Ouch! That really hurt!
* * * LOW HITPOINT WARNING * * *
You are engulfed in a cloud of soporific spores!
You are unaffected.
You hit the sleepcap but do no damage.
The sleepcap is heavily damaged.
The dart slug barely misses you. The sleepcap releases spores at you.
You die...

#.......#..#...######
#.......#...#..#
#.......o.#.#..#
##........#..#.#
##..........#..
##.##.#...#####
##o##...#.#
#...##.....#
#.@.........
#.fw.......##
............
...#....J....
#....⌠........
#.#.#.....)... ...
........... ## #
....#...#.


You could see a sleepcap (ally target), a dart slug, an endoplasm and a friendly
orc (summoned).

Vanquished Creatures
  A scorpion (D:3)
  Ijyb (D:3)
  A gnoll (D:1)
  5 adders
  3 worms (D:3)
  A dart slug (D:3)
  8 endoplasms
  8 goblins
  6 hobgoblins
  2 jackals (D:2)
  11 kobolds
  6 quokkas
  8 ball pythons
  4 bats
  3 frilled lizards
  7 rats
75 creatures vanquished.

Notes
Turn   | Place    | Note
-------+----------+-------------------------------------------
     0 | D:1      | Zonian the Deep Elf Ice Elementalist began the quest for
                  | the Orb.
     0 | D:1      | Reached XP level 1. HP: 10/10 MP: 6/6
   293 | D:1      | Reached XP level 2. HP: 3/15 MP: 4/8
   906 | D:1      | Reached XP level 3. HP: 19/19 MP: 6/10
  1355 | D:2      | Reached skill level 5 in Ice Magic
  2096 | D:2      | Found a runed translucent door.
  2097 | D:2      | Noticed Crazy Yiuf
  2220 | D:2      | Learned a level 3 spell: Frozen Ramparts
  2227 | D:2      | Learned a level 3 spell: Ozocubu's Armour
  2236 | D:2      | Reached XP level 4. HP: 24/24 MP: 11/11
  2490 | D:2      | Identified a ring "Fymn" {rC+ rN++ rCorr}
  2776 | D:3      | Noticed a scorpion
  2783 | D:3      | Killed a scorpion
  2784 | D:3      | Reached skill level 6 in Ice Magic
  3238 | D:3      | Reached XP level 5. HP: 28/28 MP: 8/12
  3272 | D:3      | Noticed Ijyb
  3281 | D:3      | Killed Ijyb
  3583 | D:3      | Reached skill level 7 in Ice Magic
  3646 | D:3      | Identified the +9 spear "Murmur" {freeze, Str+3 Int+2
                  | Dex+3}
  4038 | D:4      | Slain by a sleepcap

Illustrated notes

Levels and vault maps discovered:
D:1:      amcnicky_arrival_flooded_fountain, layout_basic,
          minmay_misc_feat_pillars
D:2:      layout_loops_corners, uniq_crazy_yiuf_cottage
D:3:      minmay_door_path, layout_basic, mrwooster_statue_mirror,
          wad_rectangle_vault, uniq_ijyb
D:4:      layout_loops_ring, minmay_temple_entry_statues_fountains,
          amcnicky_mini_rare_corridor_liquid, hangedman_decor_peaks_small,
          hangedman_feature_mirror

Skill      XL: |  1  2  3  4  5 |
---------------+----------------+-----
Stealth        | 3 |  3.1
Dodging        | 3 |  3.0
Ice Magic      | 5 6 7 |  7.1
Spellcasting   | |  3.5

Action                     |  1- 3 |  4- 6 || total
---------------------------+-------+-------++-------
  Melee: Dagger            |    13 |       ||    13
         Spear             |       |    12 ||    12
   Fire: Sling             |    14 |    71 ||    85
   Cast: Freeze            |    56 |    26 ||    82
    Use: Scroll            |     3 |     4 ||     7
   Stab: Sleeping          |     3 |     2 ||     5
 Armour: Robe              |    10 |    12 ||    22
  Dodge: Dodged            |    38 |    32 ||    70
